 Dungeon Crawl Stone Soup version 0.16.2-2-g470672f (webtiles) character file.

202 CrazyArbalest the Bolt Thrower (level 5, 0/42 HPs)
             Began as a Centaur Hunter on Aug 21, 2015.
             Succumbed to a worker ant's poison
             ... on level 3 of the Dungeon.
             The game lasted 00:13:22 (2809 turns).

CrazyArbalest the Bolt Thrower (Centaur Hunter)     Turns: 2809, Time: 00:13:22

Health: 0/42       AC:  6    Str: 14    XL:     5   Next: 50%
Magic:  4/4        EV: 14    Int: 10    God:
Gold:   116        SH:  0    Dex: 16    Spells: 0 memorised, 4 levels left

rFire  + . .     SeeInvis .     b - +1 hand crossbow
rCold  + . .     Clarity  .     v - +0 ring mail
rNeg   . . .     SustAb   .     (no shield)
rPois  +         Gourm    .     (no helmet)
rElec  +         Spirit   .     (no cloak)
rCorr  +         Warding  .     h - +0 pair of gloves
rMut   .         Stasis   .     (no barding)
MR     .....                    (no amulet)
Stlth  ++........               (no ring)
                                D - ring of flight

@: agile, lethally poisoned (0 -> -2), resistant, very quick, not resistant to
hostile enchantments, unstealthy
A: hooves 3, deformed body, speed 2, tough skin 3
a: Evoke Flight


You were on level 3 of the Dungeon.
You were hungry.

You visited 1 branch of the dungeon, and saw 3 of its levels.

You collected 116 gold pieces.

Inventory:

Hand weapons
 a - a +0 whip
 b - a +1 hand crossbow (weapon)
 l - a +0 mace
 r - a +0 mace
 w - a +1 short sword of protection
 E - a +0 flail
Missiles
 c - 31 bolts (quivered)
Armour
 d - a +0 leather armour
 h - a +0 pair of gloves (worn)
 q - a cursed -2 robe
 v - a +0 ring mail (worn)
 F - a +0 ring mail
Jewellery
 D - a ring of flight (left hand)
Magical devices
 y - a wand of flame (19)
Scrolls
 i - 5 scrolls of identify {unknown}
 k - a scroll of noise {unknown}
 m - 2 scrolls of remove curse {unknown}
 n - a scroll of magic mapping {unknown}
 o - a scroll of amnesia {unknown}
 p - a scroll of random uselessness {unknown}
 x - a scroll of fog {unknown}
 A - a scroll of teleportation {unknown}
Potions
 e - a potion of restore abilities
 t - a potion of agility
Books
 u - a Necronomicon {highlevel, unknown}

   This book is beyond your current level of understanding.

   Spells                             Type                      Level
   a - Haunt                          Necromancy/Summoning         7
   b - Borgnjor's Revivification      Necromancy                   8
   c - Death's Door                   Charms/Necromancy            8
   d - Necromutation                  Transmutation/Necromancy     8
Comestibles
 f - 3 bread rations
 g - 2 chunks of flesh
 j - 2 royal jellies
 s - a beef jerky
 z - a meat ration
 B - a fruit


   Skills:
 + Level 2.4 Fighting
 + Level 0.8 Maces & Flails
 * Level 5.6 Crossbows
 + Level 1.2 Armour
 + Level 2.8 Dodging
 + Level 0.5 Stealth


You had 4 spell levels left.
You didn't know any spells.

Dungeon Overview and Level Annotations

Branches:
Dungeon (3/15)

Altars:


Innate Abilities, Weirdness & Mutations

You have hooves in place of feet.
Armour fits poorly on your strangely shaped body.
You cover ground very quickly.
You have extremely tough skin (AC +3).


Message History

* * * LOW HITPOINT WARNING * * *
You feel sick.
* * * LOW HITPOINT WARNING * * *
You feel sick.
* * * LOW HITPOINT WARNING * * *
You feel sick.
* * * LOW HITPOINT WARNING * * *
You feel sick.
Some of the chunks of flesh in your inventory have rotted away.
* * * LOW HITPOINT WARNING * * *
You feel sick.
* * * LOW HITPOINT WARNING * * *
You feel sick.
* * * LOW HITPOINT WARNING * * *
You feel sick.
* * * LOW HITPOINT WARNING * * *
You feel sick.
* * * LOW HITPOINT WARNING * * *
You feel sick.
You die...

#..#########'## #####
#.....##......# ....#
##.###.##......# ....########..#
#.##......# .....)).......#
#.##......# # #.#.########.##
#.##..(...# .#
#.#......#....###.##......# .#
.......###.#..#...######'#####.##
................@(..()).(......>#
#.#........)...<#######.........#
#.#######.....#########.####''###
#. #...............#........ #
#......########.#...a....
.................#$.♣.♣♣..
#...#.......##.#.+..[♣. .. .
#.......######.#.+:.♣ ♣ . #
.####...#...##.......#.


There were no monsters in sight!

Vanquished Creatures
  An orc wizard (D:3)
  A worker ant (D:3)
  Ijyb (D:3)
  Jessica (D:3)
  Terence (D:1)
  4 adders (D:2)
  2 giant geckos
  4 orcs (D:3)
  4 giant cockroaches
  6 goblins
  5 hobgoblins
  10 jackals
  4 kobolds
  2 quokkas (D:2)
  A ball python (D:1)
  9 bats
  5 giant newts
  5 rats
66 creatures vanquished.

Notes
Turn   | Place    | Note
--------------------------------------------------------------
     0 | D:1      | CrazyArbalest, the Centaur Hunter, began the quest for the Orb.
     0 | D:1      | Reached XP level 1. HP: 17/17 MP: 1/1
   338 | D:1      | Reached XP level 2. HP: 21/24 MP: 2/2
   666 | D:1      | Reached skill level 5 in Crossbows
  1087 | D:1      | Reached XP level 3. HP: 26/29 MP: 3/3
  1113 | D:2      | Noticed Terence
  1142 | D:1      | Killed Terence
  1544 | D:2      | Reached XP level 4. HP: 23/36 MP: 3/3
  2446 | D:3      | Noticed Jessica
  2449 | D:3      | Killed Jessica
  2511 | D:3      | Noticed Ijyb
  2539 | D:3      | Killed Ijyb
  2539 | D:3      | Reached XP level 5. HP: 42/42 MP: 4/4
  2572 | D:3      | Reached skill level 1 in Armour
  2802 | D:3      | HP: 2/42 [poisoned by a worker ant]
  2809 | D:3      | Succumbed to a worker ant's poison

Action                   |  1- 3 |  4- 6 || total
-------------------------+-------+-------++-------
Melee: Short sword       |    16 |       ||    16
       Whip              |   110 |    80 ||   190
 Fire: Hand crossbow     |    18 |    33 ||    51
  Use: Potion            |       |     3 ||     3
  Eat: Chunk             |     1 |     3 ||     4
